 Dungeon Crawl Stone Soup version 0.23.2 (webtiles) character file.

Game seed: 12761838960475817071

8512 Marnok the Carver (level 10, -7/84 HPs)
             Began as a Demigod Fighter on Apr 1, 2019.
             Mangled by Erica
             ... wielding a +0 scimitar of flaming
              (9 damage)
             ... on level 10 of the Dungeon.
             The game lasted 00:47:03 (11384 turns).

Marnok the Carver (Demigod Fighter)                Turns: 11384, Time: 00:47:04

Health: -7/84      AC: 11    Str: 29    XL:     10   Next: 86%
Magic:  13/13      EV: 14    Int: 12    God:
Gold:   850        SH:  9    Dex: 15    Spells: 8/9 levels left

rFire    . . .     SeeInvis .   a - +0 long sword (flame)
rCold    . . .     Gourm    .   h - +3 buckler
rNeg     + . .     Faith    .   d - +3 leather armour {rN+}
rPois    .         Spirit   .   j - +2 hat {MR+}
rElec    .         Reflect  .   m - scarf {repulsion}
rCorr    .         Harm     .   (no gloves)
MR       ++...                  o - +1 pair of boots
Stlth    ++........             c - amulet of the acrobat
HPRegen  0.24/turn              k - +2 ring of strength
MPRegen  0.13/turn              r - +5 ring of slaying

@: lethally poisoned (-7 -> -10), slowed, repel missiles, very slow
A: horns 1, high mp 1, strong 1
a: no special abilities


You were on level 10 of the Dungeon.
You were not hungry.

You visited 2 branches of the dungeon, and saw 11 of its levels.
You also visited: Sewer, Ossuary and Bailey.

You collected 850 gold pieces.

Inventory:

Hand Weapons
 a - a +0 long sword of flaming (weapon)
 b - a +0 arbalest
 y - a +4 short sword
 D - the cursed +0 trident of Fate {protect, +Inv}
   (You found it on level 9 of the Dungeon)

   It protects the one who uses it against injury (+AC on strike).
   It lets you turn invisible.
   It has a curse placed upon it.
Missiles
 e - 90 bolts
 w - 4 javelins (quivered)
Armour
 d - a +3 leather armour of positive energy (worn)
 h - a +3 buckler (worn)
 j - a +2 hat of magic resistance (worn)
 m - a scarf of repulsion (worn)
 o - a +1 pair of boots (worn)
 x - a +2 ring mail of cold resistance
Magical Staves
 J - an uncursed staff of energy {unknown}
Jewellery
 c - an amulet of the acrobat (around neck)
 k - a +2 ring of strength (left hand)
 p - an uncursed amulet of magic regeneration
 r - a +5 ring of slaying (right hand)
 A - an uncursed ring of teleportation
 C - an uncursed ring of magical power
 P - an uncursed amulet of the acrobat
Wands
 q - a wand of enslavement (4)
 s - a wand of disintegration (10)
 u - a wand of iceblast (7)
 M - a wand of scattershot (4)
 N - a wand of clouds (8)
Scrolls
 g - a scroll of teleportation
 i - 2 scrolls of blinking
 l - 3 scrolls of immolation
 v - a scroll of fear
 B - 3 scrolls of remove curse
 F - 2 scrolls of amnesia
 I - 7 scrolls of identify
Potions
 t - 4 potions of flight
 z - 3 potions of magic
Miscellaneous
 n - a phial of floods
Comestibles
 f - 19 rations


   Skills:
 + Level 6.7 Fighting
 + Level 9.9 Long Blades
 + Level 1.2 Crossbows
 + Level 0.7 Throwing
 + Level 6.7 Armour
 + Level 4.7 Dodging
 + Level 2.2 Stealth
 + Level 7.4 Shields
 + Level 0.6 Evocations


You had 8 spell levels left.
You knew the following spells:

 Your Spells              Type           Power        Failure   Level  Hunger
a - Animate Skeleton      Necr           N/A          36%         1    ##.....

Your spell library contained the following spells:

 Spells                   Type           Power        Failure   Level  Hunger
 Flame Tongue             Conj/Fire      #....        36%         1    ##.....
 Shroud of Golubria       Chrm/Tloc      #.........   50%         2    ###....
 Sublimation of Blood     Necr           #.........   50%         2    ###....
 Call Canine Familiar     Summ           #.......     73%         3    ####...
 Gell's Gravitas          Tloc           #.........   73%         3    ####...
 Inner Flame              Hex/Fire       #.......     73%         3    ####...
 Ozocubu's Armour         Chrm/Ice       #.......     73%         3    ####...
 Spider Form              Tmut/Pois      #.........   73%         3    ####...
 Tukima's Dance           Hex            #.......     73%         3    ####...
 Cause Fear               Hex            #.........   98%         4    #####..
 Bolt of Fire             Conj/Fire      #.........   100%        6    #######
 Dragon Form              Tmut           #.........   100%        7    #######
 Dragon's Call            Summ           #.........   100%        9    #######


Dungeon Overview and Level Annotations

Branches:
Dungeon (10/15)            Temple (1/1) D:4            Lair (0/6) D:8
    Orc (0/2) D:9

Annotations:
D:3 3 runed translucent doors, Banto's ghost, amateur DgWn; Dasatrys's ghost, amateur GnSk
D:10 Erica


Innate Abilities, Weirdness & Mutations

You have an increased reservoir of magic. (+10% MP)
You have a pair of small horns on your head.
Your muscles are strong. (Str +2)


Message History

You see here a bullfrog corpse.
Okay, then.
Okay, then.
You feel sick.
You hear some strange, mumbled words.
Something tries to affect you, but you resist.
You feel sick.
There is an open door here.
You feel sick. Something hits you but does no damage.
Something is blocking the doorway!
You feel sick. Something hits you.
* * * LOW HITPOINT WARNING * * *
Something burns you.
* * * LOW HITPOINT WARNING * * *
Clearing level map.
Something is blocking the doorway!
* * * LOW HITPOINT WARNING * * *
You feel sick.
Erica appears from thin air!
Reactivating autopickup.
Erica hits you with a +0 scimitar of flaming!
You die...

#.........
+.........#
#.........#
#.........#
#.........# .
#.........# ..
#<........# ...
#.........# ....
#.....@...#
#....#####@#####
#..............#
#.......†......#
#..............#
#..............#
#..............#
#..............#
######.........#


You could see Erica.

Vanquished Creatures
  Gastronok (D:8)
  An unseen horror (D:7)
  2 orc knights (Bailey)
  A komodo dragon (D:9)
  A hippogriff (D:8)
  Sigmund (D:2)
  A wyvern (D:9)
  2 hungry ghosts (D:8)
  11 orc warriors
  5 sky beasts
  Purgy (Sewer)
  3 phantoms
  6 ogres
  A necrophage (D:7)
  3 ice beasts
  2 centaurs
  2 big kobolds
  A bullfrog (D:10)
  5 water moccasin zombies (Ossuary)
  A wyvern skeleton (D:8)
  A scorpion (D:5)
  2 electric eels (D:9)
  3 howler monkeys (D:9)
  4 crimson imps
  A centaur zombie (D:6)
  A bullfrog zombie (D:9)
  A bullfrog skeleton (D:8)
  3 hounds (D:5)
  2 orc priests (D:8)
  A jelly (D:6)
  Jessica (D:3)
  An iguana (D:7)
  4 orc wizards
  3 worker ants
  A killer bee zombie (D:6)
  2 big kobold zombies (Ossuary)
  2 mummies (Ossuary)
  13 adders
  3 shadow imps
  An ooze (D:1)
  4 adder zombies (Ossuary)
  An adder skeleton (D:9)
  3 worms (D:3)
  3 leopard geckos
  31 orcs
  9 giant cockroaches
  5 gnoll zombies
  4 goblins
  5 hobgoblins
  3 jackals (D:6)
  3 quokkas
  7 bats
  4 frilled lizards
  5 hobgoblin zombies (Ossuary)
  A jackal zombie (D:4)
  15 kobolds
  4 kobold zombies (Ossuary)
  2 orc zombies (Ossuary)
  A quokka skeleton (D:4)
  A quokka zombie (D:8)
  5 rats
217 creatures vanquished.

Vanquished Creatures (others)
  An orc warrior (Bailey)
  A human (D:4)
  An orc (Bailey)
  A hobgoblin zombie (Ossuary)
  A kobold zombie (Ossuary)
5 creatures vanquished.

Grand Total: 222 creatures vanquished

Notes
Turn   | Place    | Note
-------+----------+-------------------------------------------
     0 | D:1      | Marnok the Demigod Fighter began the quest for the Orb.
     0 | D:1      | Reached XP level 1. HP: 18/18 MP: 3/3
   221 | D:1      | Reached skill level 2 in Long Blades
   221 | D:1      | Reached XP level 2. HP: 25/25 MP: 4/4
   704 | D:2      | Noticed Sigmund
   715 | D:2      | Reached XP level 3. HP: 7/31 MP: 5/5
   721 | D:2      | Killed Sigmund
   721 | D:2      | Reached skill level 3 in Long Blades
   721 | D:2      | Reached XP level 4. HP: 5/38 MP: 6/6
   721 | D:2      | Reached XP level 5. HP: 6/45 MP: 7/7
  1767 | D:3      | Noticed Jessica
  1796 | D:3      | Killed Jessica
  1874 | D:3      | Found a glowing drain.
  1892 | Sewer    | Entered a sewer
  2039 | Sewer    | Noticed Purgy
  2067 | Sewer    | Killed Purgy
  2067 | Sewer    | Reached skill level 1 in Dodging
  2067 | Sewer    | Reached XP level 6. HP: 40/52 MP: 8/8
  2457 | D:3      | Found a runed translucent gate.
  2458 | D:3      | Found a runed translucent gate.
  2459 | D:3      | Found a runed translucent gate.
  2460 | D:3      | Noticed Banto's ghost (amateur DgWn)
  2461 | D:3      | Noticed Dasatrys's ghost (amateur GnSk)
  2856 | D:4      | Found a staircase to the Ecumenical Temple.
  3017 | D:4      | Reached skill level 4 in Long Blades
  3116 | D:4      | Found an ancient bone altar of Kikubaaqudgha.
  3119 | D:4      | Noticed a human
  3120 | D:4      | Killed a human
  3143 | D:4      | Found a sand-covered staircase.
  3154 | Ossuary  | Entered an ossuary
  3189 | Ossuary  | Reached XP level 7. HP: 53/59 MP: 9/9
  3381 | Ossuary  | Reached skill level 5 in Long Blades
  3489 | D:4      | Identified a scroll of acquirement
  4136 | D:5      | Entered Level 5 of the Dungeon
  4206 | D:5      | Reached XP level 8. HP: 60/67 MP: 10/10
  4208 | D:5      | Gained mutation: Your spells are a little harder to cast,
                  | but a little more powerful. [potion of mutation]
  4208 | D:5      | Gained mutation: You are resistant to hostile enchantments.
                  | (MR+) [potion of mutation]
  4208 | D:5      | Gained mutation: Your natural rate of healing is unusually
                  | fast. [potion of mutation]
  4216 | D:5      | Lost mutation: Your spells are a little harder to cast, but
                  | a little more powerful. [potion of mutation]
  4216 | D:5      | Lost mutation: You are resistant to hostile enchantments.
                  | (MR+) [potion of mutation]
  4216 | D:5      | Gained mutation: Armour fits poorly on your strangely
                  | shaped body. [potion of mutation]
  4216 | D:5      | Gained mutation: You are agile. (Dex +2) [potion of
                  | mutation]
  4217 | D:5      | Lost mutation: Your natural rate of healing is unusually
                  | fast. [potion of mutation]
  4217 | D:5      | Lost mutation: Armour fits poorly on your strangely shaped
                  | body. [potion of mutation]
  4217 | D:5      | Lost mutation: You are agile. (Dex +2) [potion of mutation]
  4217 | D:5      | Gained mutation: You are partially covered in thin metallic
                  | scales. (AC +2) [potion of mutation]
  4217 | D:5      | Gained mutation: You are clumsy. (Dex -2) [potion of
                  | mutation]
  4217 | D:5      | Gained mutation: You are frail. (-10% HP) [potion of
                  | mutation]
  4217 | D:5      | Gained mutation: Your spells are a little harder to cast,
                  | but a little more powerful. [potion of mutation]
  4289 | D:5      | Reached skill level 5 in Shields
  4299 | D:5      | Reached skill level 6 in Long Blades
  4464 | D:5      | Found an opulent altar of Gozag.
  4614 | D:5      | Lost mutation: You are frail. (-10% HP) [potion of
                  | mutation]
  4614 | D:5      | Lost mutation: You are clumsy. (Dex -2) [potion of
                  | mutation]
  4614 | D:5      | Lost mutation: Your spells are a little harder to cast, but
                  | a little more powerful. [potion of mutation]
  4614 | D:5      | Gained mutation: You are dopey. (Int -2) [potion of
                  | mutation]
  4614 | D:5      | Lost mutation: You are dopey. (Int -2) [potion of mutation]
  4614 | D:5      | Gained mutation: Your mind is acute. (Int +2) [potion of
                  | mutation]
  4746 | D:5      | Lost mutation: Your mind is acute. (Int +2) [potion of
                  | mutation]
  4746 | D:5      | Lost mutation: You are partially covered in thin metallic
                  | scales. (AC +2) [potion of mutation]
  4746 | D:5      | Gained mutation: You have a pair of small horns on your
                  | head. [potion of mutation]
  4746 | D:5      | Gained mutation: Your muscles are strong. (Str +2) [potion
                  | of mutation]
  5358 | Temple   | Entered the Ecumenical Temple
  5479 | D:6      | Reached skill level 7 in Long Blades
  5698 | D:6      | Reached skill level 5 in Armour
  5911 | D:7      | Reached skill level 5 in Fighting
  5914 | D:7      | Reached XP level 9. HP: 45/71 MP: 11/11
  7086 | D:7      | Killed an unseen horror
  7332 | D:7      | Found an iron altar of Okawaru.
  7398 | D:8      | Reached skill level 1 in Stealth
  7738 | D:8      | Noticed Gastronok
  7758 | D:8      | Found a staircase to the Lair.
  8465 | D:8      | Killed Gastronok
  8465 | D:8      | Reached skill level 8 in Long Blades
  8465 | D:8      | Reached XP level 10. HP: 27/83 MP: 13/13
  9278 | D:9      | Reached skill level 9 in Long Blades
  9295 | D:9      | Found a flagged portal.
  9304 | Bailey   | Entered a bailey
  9317 | Bailey   | Noticed an orc knight
  9338 | Bailey   | Killed an orc knight
  9658 | Bailey   | Noticed an orc knight
  9687 | Bailey   | Killed an orc knight
 10162 | D:9      | Identified Dyunem's Compendium of Unholy Talismans
 10166 | D:9      | Learned a level 1 spell: Animate Skeleton
 10282 | D:9      | Noticed a wizard
 10300 | D:9      | Reached skill level 1 in Crossbows
 11076 | D:9      | Identified The Foundations of Thaumaturgy
 11305 | D:9      | Got a faintly glowing trident
 11306 | D:9      | Identified the cursed +0 trident of Fate {protect, +Inv}
                  | (You found it on level 9 of the Dungeon)
 11354 | D:10     | Entered Level 10 of the Dungeon
 11359 | D:10     | Noticed Erica
 11383 | D:10     | HP: 4/84 [something (4)]
 11384 | D:10     | Mangled by Erica

Skill      XL: |  1  2  3  4  5  6  7  8  9 10 |
---------------+-------------------------------+-----
Long Blades    | 2 3 4 5 7 8 9 |  9.9
Fighting       | 3 4 5 6 |  6.7
Armour         | 3 4 5 6 |  6.7
Shields        | 3 4 6 7 |  7.4
Dodging        | 1 2 3 4 |  4.7
Stealth        | 1 2 |  2.2
Crossbows      | 1 |  1.2
Throwing       | |  0.7
Evocations     | |  0.6

Action                   |  1- 3 |  4- 6 |  7- 9 | 10-12 || total
-------------------------+-------+-------+-------+-------++-------
Melee: Long sword        |    53 |   187 |   522 |   188 ||   950
       Headbutt          |       |       |    72 |    70 ||   142
 Fire: Arbalest          |       |       |       |    15 ||    15
Throw: Javelin           |       |       |       |    10 ||    10
Evoke: Wand              |       |       |       |     8 ||     8
  Use: Potion            |     2 |       |    20 |     3 ||    25
       Scroll            |       |    12 |    12 |     9 ||    33
 Stab: Invisible         |       |       |     1 |       ||     1
  Eat: Chunk             |       |     4 |    13 |       ||    17
       Ration            |       |     1 |     2 |     3 ||     6
Armor: Scale mail        |    25 |    89 |       |       ||   114
       Ring mail         |       |    12 |   191 |     2 ||   205
       Leather armour    |       |       |       |    37 ||    37
Dodge: Dodged            |    28 |    92 |   193 |   119 ||   432
       Deflected         |       |       |       |     4 ||     4
Block: Shield            |     6 |       |       |       ||     6
       Buckler           |    15 |   105 |   187 |    69 ||   376
       Rpst.: Long sword |     7 |    30 |    52 |    26 ||   115
